 Dungeon Crawl Stone Soup version 0.28.0-47-ge53b351184 (webtiles) character file.

Game seed: 18225627694197259520

321 101zpm the Magician (level 6, -1/40 HPs)
             Began as a Djinni Fire Elementalist on May 4, 2022.
             Slain by an orc
             ... wielding a +0 short sword
              (3 damage)
             ... on level 4 of the Dungeon.
             The game lasted 00:09:39 (4965 turns).

101zpm the Magician (Djinni Fire Elementalist)      Turns: 4965, Time: 00:09:39

Health: -1/40      AC:  4    Str:  7    XL:     6   Next: 76%
Gold:   72         EV: 12    Int: 19    God:
                   SH:  0    Dex: 13

rFire   + + .      SeeInvis .   (no weapon)
rCold   x . .      Faith    .   (no shield)
rNeg    . . .      Spirit   .   a - +0 robe
rPois   ∞          Reflect  .   (no helmet)
rElec   .          Harm     .   b - +1 cloak
rCorr   .          Rampage  .   (no gloves)
Will    .....                   (boots unavailable)
Stlth   ++........              (no amulet)
HPRegen 0.13/turn               (no ring)
MPRegen 0.00/turn               (no ring)

@: flying
A: sickness immunity, fire resistance 2, cold vulnerability 1, float, innate
caster, HP casting, extra vitality 1
a: no special abilities


You were on level 4 of the Dungeon.
You visited 1 branch of the dungeon, and saw 4 of its levels.

You collected 72 gold pieces.

Inventory:

Armour
 a - a +0 robe (worn)
 b - a +1 cloak (worn)
Jewellery
 l - a ring of protection from cold
 n - the ring of Cokhloc {rC++ Str+6 Int+2}
   (You found it on level 3 of the Dungeon)

   [ring of strength]

   Str:       It affects your strength (+6).
   Int:       It affects your intelligence (+2).
   rC:        It greatly protects you from cold.
Wands
 o - a wand of flame (26)
Scrolls
 e - a scroll of identify {unknown}
 f - a scroll of blinking {unknown}
 g - a scroll of immolation {unknown}
 h - a scroll of enchant weapon {unknown}
 i - a scroll of noise {unknown}
 m - a scroll of teleportation {unknown}
Potions
 d - 2 potions of cancellation {unknown}
 j - a potion of invisibility {unknown}
 k - a potion of berserk rage {unknown}
 p - a potion of attraction {unknown}


   Skills:
 + Level 0.1 Fighting
 + Level 2.6 Dodging
 + Level 2.4 Stealth
 + Level 5.0 Spellcasting


You couldn't memorise any spells.
You knew the following spells:

 Your Spells              Type           Power      Damage    Failure   Level
a - Foxfire               Conj/Fire      96%        2x1d8     1%          1
b - Scorch                Fire           48%        2d7       2%          2
c - Conjure Flame         Conj/Fire      24%        6-21      4%          3
d - Inner Flame           Hex/Fire       24%        N/A       4%          3
e - Flame Wave            Conj/Fire      24%        2d7       16%         4
f - Pain                  Necr           96%        1d8       1%          1
g - Static Discharge      Conj/Air       24%        N/A       2%          2
Your spell library was empty.

Dungeon Overview and Level Annotations

Branches:
Dungeon (4/15)             Temple (0/1) D:4

Altars:
Ru
Zin

Portals:
Ossuary: D:4


Innate Abilities, Weirdness & Mutations

You are immune to sickness and miasma.
You are immune to poison.
Your flesh is very heat resistant. (rF++)
You are vulnerable to cold. (rC-)
You float through the air rather than walking.
You learn spells naturally, not from books.
Your magical power is your life essence.
You have superior vitality. (+4 MHP)


Message History

You conjure some foxfire!
* * * LOW HITPOINT WARNING * * *
Casting: Foxfire (safe; 1% risk of failure)
Press: ? - help, Q - select action, (/) - cycle Dir - look around, f - activate You conjure some foxfire!
* * * LOW HITPOINT WARNING * * *
The foxfire hits the ball python.
The ball python is moderately wounded.
The foxfire hits the ball python.
You kill the ball python!
The foxfire hits the gnoll.
The gnoll is lightly wounded.
Casting: Foxfire (safe; 1% risk of failure)
Confirm with . or Enter, or press ? or * to list all spells.
You don't have enough health to cast this spell.
Casting: Foxfire (safe; 1% risk of failure)
Press: ? - help, Q - select action, (/) - cycle Dir - look around, f - activate You conjure some foxfire!
* * * LOW HITPOINT WARNING * * *
The foxfire hits the gnoll.
The gnoll is moderately wounded.
The foxfire hits the gnoll.
The gnoll is heavily wounded.
Casting: Foxfire (safe; 1% risk of failure)
Confirm with . or Enter, or press ? or * to list all spells.
You don't have enough health to cast this spell.
Casting: Foxfire (safe; 1% risk of failure)
Press: ? - help, Q - select action, (/) - cycle Dir - look around, f - activate You miscast Foxfire.
You are very lightly contaminated with residual magic.
Nothing appears to happen.
* * * LOW HITPOINT WARNING * * *
The foxfire hits the gnoll.
The gnoll is almost dead.
Your foxfire dissipates!
An orc comes into view. It is wielding a +0 short sword.
Your magical contamination has completely faded away.
You see here a +0 mace.
The orc hits you with a +0 short sword.
You die...

### #.####*##
####.....,.#
#....####*.#
#@).g...#*.##*****
#o#####.#*..,,,,,*
#.# ##'##.##*****
#.# #...#.§###
****#.# #...)....#
*,,,#.# #..)....$#
*******,,,#.#
#.....∩..#
*,,,,,,,,,..#
#.)).....#
************,,*,,*
##.#.....#


You could see a gnoll and an orc.

Vanquished Creatures
  An ogre (D:4)
  Natasha (thrice) (D:3)
  5 gnolls
  5 adders
  A worm (D:3)
  2 dart slugs
  An orc (D:4)
  5 bats
  8 endoplasms
  3 giant cockroaches
  2 goblins
  5 hobgoblins
  3 jackals (D:2)
  2 quokkas (D:2)
  6 ball pythons
  8 frilled lizards
  5 kobolds
  6 rats
71 creatures vanquished.

Vanquished Creatures (others)
  323 foxfires
323 creatures vanquished.

Grand Total: 394 creatures vanquished

Notes
Turn   | Place    | Note
-------+----------+-------------------------------------------
     0 | D:1      | 101zpm the Djinni Fire Elementalist began the quest for the
                  | Orb.
     0 | D:1      | Reached XP level 1. HP: 15/15 MP: 0/0
   116 | D:2      | Reached XP level 2. HP: 10/21 MP: 0/0
   377 | D:3      | Reached skill level 3 in Spellcasting
   377 | D:3      | Reached XP level 3. HP: 16/25 MP: 0/0
   377 | D:3      | Learned a level 1 spell: Pain
   567 | D:2      | Noticed Natasha
   572 | D:3      | Killed Natasha
   573 | D:3      | Reached XP level 4. HP: 15/31 MP: 0/0
  1109 | D:1      | Found a faded altar of an unknown god.
  2104 | D:1      | Reached XP level 5. HP: 10/35 MP: 0/0
  2104 | D:1      | Learned a level 2 spell: Static Discharge
  2631 | D:2      | Reached skill level 4 in Spellcasting
  3935 | D:3      | Noticed Natasha
  3939 | D:3      | Killed Natasha
  4079 | D:3      | Found a glowing silver altar of Zin.
  4252 | D:3      | Reached XP level 6. HP: 35/40 MP: 0/0
  4377 | D:3      | Identified the ring of Cokhloc {rC++ Str+6 Int+2}
  4504 | D:3      | Noticed Natasha
  4509 | D:3      | Killed Natasha
  4660 | D:3      | Found a sacrificial altar of Ru.
  4872 | D:4      | Noticed an ogre
  4872 | D:4      | Noticed an ogre
  4928 | D:4      | Found a sand-covered staircase.
  4932 | D:4      | Noticed an ogre
  4937 | D:4      | Killed an ogre
  4938 | D:4      | Reached skill level 5 in Spellcasting
  4965 | D:4      | Slain by an orc

Illustrated notes

Levels and vault maps discovered:
D:1:      dpeg_arrival_three_same_balls, layout_loops_ring,
          hellmonk_ecumenical_altar_inner_sanctum, chequers_mini_garden
D:2:      layout_rooms, minmay_misc_feat_cross, minmay_fountain_box,
          uniq_natasha
D:3:      layout_basic, mainiacjoe_overflow_tiny_flanked, zin_treasury,
          grunt_ministairs_9
D:4:      layout_basic, minmay_temple_entry_slanted, enter_ossuary_1,
          dk_noncrumbling_2

Skill      XL: |  1  2  3  4  5  6 |
---------------+-------------------+-----
Spellcasting   | 3 4 5 |  5.0
Stealth        | 2 |  2.4
Fighting       | |  0.1
Dodging        | |  2.6

Action                   |  1- 3 |  4- 6 || total
-------------------------+-------+-------++-------
 Cast: Foxfire           |    22 |   178 ||   200
       Scorch            |     6 |    11 ||    17
       Inner Flame       |       |    29 ||    29
       Flame Wave        |       |     1 ||     1
       Pain              |       |     4 ||     4
  Use: Scroll            |       |     1 ||     1
Armor: Robe              |     2 |     4 ||     6
Dodge: Dodged            |     3 |     8 ||    11
